 Dungeon Crawl Stone Soup version 0.29-a0-219-g0a02b1cf4f (webtiles) character file.

Game seed: 2953661218778745060

770 shoop the Archer (level 7, 0/38 HPs)
             Began as a Deep Elf Arcane Marksman on Feb 26, 2022.
             Was an Initiate of Fedhas.
             Slain by a wight
             ... wielding a +1 vorpal dire flail
              (10 damage)
             ... on level 6 of the Dungeon.
             The game lasted 00:12:26 (5874 turns).

shoop the Archer (Deep Elf Arcane Marksman)         Turns: 5874, Time: 00:12:28

Health: 0/38       AC:  2    Str:  4 (7)  XL:     7   Next: 53%
Magic:  15/16      EV: 13    Int: 25 (26) God:    Fedhas [......]
Gold:   170        SH:  0    Dex: 14 (15) Spells: 7/15 levels left

rFire   . . .      SeeInvis .   a - +0 shortbow
rCold   . . .      Faith    .   (shield currently unavailable)
rNeg    . . .      Spirit   .   b - +0 robe
rPois   .          Reflect  .   (no helmet)
rElec   .          Harm     .   (no cloak)
rCorr   .          Rampage  .   (no gloves)
Will    .....                   (no boots)
Stlth   ++........              (no amulet)
HPRegen 0.12/turn               k - +6 ring of intelligence
MPRegen 0.15/turn               (no ring)

@: brilliant, attractive, flying
A: no striking features
a: Renounce Religion


You were on level 6 of the Dungeon.
You worshipped Fedhas.
Fedhas was noncommittal.
You visited 2 branches of the dungeon, and saw 7 of its levels.

You collected 170 gold pieces.

Inventory:

Hand Weapons
 a - a +0 shortbow (weapon)
Armour
 b - a +0 robe (worn)
Jewellery
 k - a +6 ring of intelligence (left hand)
 r - a ring of fire
Scrolls
 f - a scroll of enchant weapon {unknown}
 j - a scroll of holy word {unknown}
 l - a scroll of enchant armour {unknown}
 m - a scroll of identify
 o - a scroll of teleportation {unknown}
 p - a scroll of silence {unknown}
 s - 2 scrolls of noise {unknown}
 u - a scroll of immolation {unknown}
Potions
 c - a potion of degeneration
 d - a potion of attraction
 n - a potion of ambrosia


   Skills:
 - Level 1.0 Fighting
 * Level 8.2 Bows
 - Level 3.0 Dodging
 - Level 3.0 Stealth
 + Level 4.8 Spellcasting
 - Level 6.1 Hexes
 + Level 0.0 Fire Magic


You had 7 spell levels left.
You knew the following spells:

 Your Spells              Type           Power      Damage    Failure   Level
a - Slow                  Hex            100%       N/A       1%          1
c - Inner Flame           Hex/Fire       32%        N/A       7%          3
f - Cause Fear            Hex            26%        N/A       7%          4

Your spell library contained the following spells:

 Spells                   Type           Power      Damage    Failure   Level
 Portal Projectile        Hex/Tloc       64%        N/A       7%          3
 Gell's Gravitas          Tloc           9%         N/A       26%         3
 Lesser Beckoning         Tloc           9%         N/A       26%         3
 Ozocubu's Armour         Ice            9%         N/A       26%         3
 Teleport Other           Tloc           9%         N/A       26%         3
 Ozocubu's Refrigeration  Ice            4%         4d5       100%        7


Dungeon Overview and Level Annotations

Branches:
Dungeon (6/15)             Temple (1/1) D:4

Altars:
Ashenzari
Cheibriados
Fedhas
Gozag
Makhleb
Qazlal
Ru
Sif Muna
Xom
Yredelemnul

Annotations:
D:4 exclusions: orc and orc priest, Edmund


Message History

You are too injured to fight recklessly!
The scorpion is attracted toward you. The scorpion is attracted toward you.
Your magical contamination has completely faded away.
The scorpion is attracted toward you. The scorpion is attracted toward you.
The scorpion is attracted toward you.
Things that are here:
a +0 dagger; an orc corpse The scorpion is attracted toward you.
The scorpion is attracted toward you. The scorpion is attracted toward you.
Really fly into that teleport trap?
You enter a teleport trap!
The teleport trap disappears.
Your surroundings suddenly seem different. 4 wights come into view.
A wight is wielding a +1 vorpal dire flail.
Found a snail-covered altar of Cheibriados.
The wight is attracted toward you. x4
The wight is attracted toward you. The wight barely misses you.
An orc priest comes into view. It is wielding a +0 club.
Found an escape hatch in the floor.
The orc priest is attracted toward you.
A gnoll and an orc come into view.
The gnoll is wielding a +2 whip of draining.
The gnoll is attracted toward you. The orc is attracted toward you.
As you read the scroll labelled XAK YKILUTATSO, it crumbles to dust.
It is a scroll of identify.
q - a scroll of fear The orc priest hits you with a +0 club.
* * * LOW HITPOINT WARNING * * *
The wight barely misses you. The orc is attracted toward you.
As you read the scroll of fear, it crumbles to dust.
You assume a fearsome visage.
The wight is unaffected. x4
The orc priest looks frightened!
The orc looks frightened!
The orc shouts!
You hear a shout! x7
An orc wizard comes into view. It is wielding a +0 dagger.
The wight hits you with a +1 vorpal dire flail!
You die...
Fedhas appreciates your contribution to the ecosystem.

≈≈≈≈ #.≈≈_≈≈.. .
#.≈≈.≈≈.# §.
#.≈≈.≈≈.# ...
#.≈≈.≈≈.# ..o
#.≈...≈.## o§
#.≈.8.≈.z###.#.#
#.......zz@.o..#
#.......z###....>#
########## ..§..
...# ..# .# #


You could see 4 wights, an orc priest (fleeing), an orc wizard and an orc
(fleeing).

Vanquished Creatures
  Grinder (D:5)
  A sky beast (D:5)
  2 ogres
  A scorpion (D:4)
  An orc priest (D:3)
  Terence (D:2)
  3 adders
  8 gnolls
  A worm (D:3)
  4 dart slugs
  7 orcs
  4 ball pythons
  9 endoplasms
  4 giant cockroaches
  5 goblins
  7 hobgoblins
  3 quokkas
  5 bats
  4 frilled lizards
  9 kobolds
  5 rats
85 creatures vanquished.

Notes
Turn   | Place    | Note
-------+----------+-------------------------------------------
     0 | D:1      | shoop the Deep Elf Arcane Marksman began the quest for the
                  | Orb.
     0 | D:1      | Reached XP level 1. HP: 11/11 MP: 5/5
    27 | D:1      | Reached skill level 1 in Stealth
   149 | D:1      | Reached XP level 2. HP: 16/16 MP: 6/6
   385 | D:1      | Reached skill level 3 in Bows
   800 | D:1      | Reached XP level 3. HP: 20/20 MP: 7/7
   996 | D:2      | Noticed an ogre
  1001 | D:2      | Killed an ogre
  1002 | D:2      | Reached skill level 5 in Bows
  1002 | D:2      | Reached skill level 1 in Fighting
  1002 | D:2      | Reached XP level 4. HP: 25/25 MP: 7/9
  1007 | D:2      | Learned a level 4 spell: Cause Fear
  1292 | D:2      | Noticed Terence
  2080 | D:2      | Reached XP level 5. HP: 29/29 MP: 10/10
  2407 | D:3      | You fall into a shaft and drop 2 floors!
  2407 | D:5      | Entered Level 5 of the Dungeon
  2426 | D:5      | Noticed an ogre
  3571 | D:3      | Found a faded altar of an unknown god.
  3623 | D:4      | Learned a level 3 spell: Inner Flame
  3653 | D:4      | Reached skill level 6 in Bows
  3799 | D:3      | Reached XP level 6. HP: 21/34 MP: 12/12
  3981 | D:4      | Found a staircase to the Ecumenical Temple.
  3990 | Temple   | Entered the Ecumenical Temple
  4141 | Temple   | Became a worshipper of Fedhas Madash
  4345 | D:4      | Reached skill level 5 in Hexes
  4489 | D:4      | Reached skill level 7 in Bows
  4618 | D:4      | Noticed Edmund
  5036 | D:2      | Killed Terence
  5234 | D:5      | Noticed Grinder
  5465 | D:5      | Killed Grinder
  5466 | D:5      | Reached XP level 7. HP: 25/38 MP: 9/15
  5754 | D:5      | Reached skill level 8 in Bows
  5868 | D:6      | Found a snail-covered altar of Cheibriados.
  5874 | D:6      | Slain by a wight

Illustrated notes

Levels and vault maps discovered:
D:1:      minmay_arrival_solitary_statue, layout_loops_cross, st_stairs_12
D:2:      layout_loops_corners, roderic_roman_lattice, uniq_terence
D:3:      layout_loops_corners, hellmonk_ecumenical_altar_prayer_group
D:4:      layout_loops_ring, minmay_temple_entry_overgrown,
          chequers_decorated_corner, corexii_item_surrounded_by_moat,
          serial_park_tiny_1, uniq_edmund
D:5:      layout_basic, uniq_grinder
D:6:      layout_rooms, mainiacjoe_overflow_catwalk
Temple:   mainiacjoe_temple_cubbyholes

Skill      XL: |  1  2  3  4  5  6  7 |
---------------+----------------------+-----
Stealth        | 2 3 |  3.0
Bows           | 3 5 6 7 8 |  8.2
Fighting       | 1 |  1.0
Dodging        | 3 |  3.0
Spellcasting   | 2 3 4 |  4.8
Hexes          | 5 6 |  6.1

Action                   |  1- 3 |  4- 6 |  7- 9 || total
-------------------------+-------+-------+-------++-------
 Fire: Shortbow          |    78 |   176 |    34 ||   288
 Cast: Cause Fear        |       |     2 |     3 ||     5
       Slow              |       |    19 |     3 ||    22
       Inner Flame       |       |     1 |     1 ||     2
  Use: Potion            |       |       |     8 ||     8
       Scroll            |       |       |     2 ||     2
Armor: Robe              |    11 |     8 |     3 ||    22
Dodge: Dodged            |    27 |    29 |     8 ||    64

Table legend: (Time is in decaauts)
 A = Elapsed time spent in this place.
 B = Non-inter-level travel time spent in this place.
 C = Inter-level travel time spent in this place.
 D = Time resting spent in this place.
 E = Time spent auto-exploring this place.
 F = Levels seen in this place.
 G = Mean time per level.
                   A        B        C        D        E       F      G
               +--------+--------+--------+--------+--------+-----+--------+
         Total |   5961 |   5293 |    668 |    580 |   3736 |   7 |  851.6 |
       Dungeon |   5726 |   5141 |    585 |    580 |   3594 |   6 |  954.3 |
        Temple |    234 |    151 |     83 |      0 |    142 |   1 |  234.0 |
               +--------+--------+--------+--------+--------+-----+--------+

Top non-repeatable levels by time:
     D:2: 1370 daAuts
     D:1: 1354 daAuts
     D:3: 1249 daAuts
     D:4: 1223 daAuts
     D:5: 444 daAuts
  Temple: 234 daAuts
     D:6: 83 daAuts
